 Dungeon Crawl Stone Soup version 0.26.1-11-gd32895ea62 (webtiles) character file.

Game seed: 16960583801759570629

3653 Eitelfritz the Carver (level 9, -4/72 HPs)
             Began as a Minotaur Gladiator on May 27, 2021.
             Was a Believer of Hepliaklqana.
             Killed from afar by an electric eel (12 damage)
             ... with a bolt of electricity
             ... on level 8 of the Dungeon.
             The game lasted 00:19:10 (7639 turns).

Eitelfritz the Carver (Minotaur Gladiator)          Turns: 7639, Time: 00:19:10

Health: -4/72      AC: 17    Str: 18    XL:     9   Next: 88%
Magic:  8/8        EV: 13    Int:  8    God:    Hepliaklqana [**....]
Gold:   446        SH:  0    Dex: 13    Spells: 8/8 levels left

rFire    . . .     SeeInvis .   a - +2 falchion (protect)
rCold    . . .     Faith    .   (no shield)
rNeg     . . .     Spirit   .   r - +0 scale mail
rPois    .         Reflect  .   c - +1 hat
rElec    .         Harm     .   (no cloak)
rCorr    .         Rampage  .   f - +0 pair of gloves
Will     +....                  (no boots)
Stlth    +.........             (no amulet)
HPRegen  0.22/turn              j - ring of willpower
MPRegen  0.11/turn              (no ring)

@: protection aura
A: retaliatory headbutt, reduced essence, horns 2
a: Renounce Religion, Recall Ancestor, Ancestor Identity


You were on level 8 of the Dungeon.
You worshipped Hepliaklqana.
Hepliaklqana was pleased with you.
You visited 2 branches of the dungeon, and saw 9 of its levels.
You also visited: Sewer.

You collected 446 gold pieces.

Inventory:

Hand Weapons
 a - a +2 falchion of protection (weapon)
 b - a +0 shortbow
 q - a +0 flail
 v - a cursed -1 great sword
Missiles
 d - 5 throwing nets
 l - 98 arrows
 u - 8 javelins (quivered)
Armour
 c - a +1 hat (worn)
 f - a +0 pair of gloves (worn)
 m - a +0 chain mail
 r - a +0 scale mail (worn)
Jewellery
 j - a ring of willpower (left hand)
 w - a +6 ring of dexterity
 C - an uncursed amulet of magic regeneration {unknown}
 D - an uncursed ring of fire {unknown}
Wands
 y - a wand of digging (11)
 A - a wand of disintegration (29)
Scrolls
 e - 2 scrolls of enchant armour
 g - 3 scrolls of remove curse
 h - 3 scrolls of enchant weapon
 p - 6 scrolls of teleportation
 E - a scroll of identify
Potions
 i - 3 potions of invisibility
 k - 2 potions of mutation
 n - a potion of curing
 o - a potion of might
 s - a potion of heal wounds {unknown}
 t - a potion of lignification {unknown}
 x - 2 potions of degeneration {unknown}
 z - a potion of brilliance {unknown}
 B - a potion of berserk rage {unknown}


   Skills:
 + Level 7.7 Fighting
 + Level 11.3 Long Blades
 + Level 2.3 Throwing
 + Level 8.6 Armour
 + Level 5.8 Dodging
 + Level 2.0 Stealth


You had 8 spell levels left.
You didn't know any spells.
Your spell library was empty.

Dungeon Overview and Level Annotations

Branches:
Dungeon (8/15)             Temple (1/1) D:6           Sewer (visited)
   Lair: D:8-11

Altars:
Ashenzari
Cheibriados
Dithmenos
Elyvilon
Fedhas
Gozag
Hepliaklqana
Kikubaaqudgha
Makhleb
Nemelex Xobeh
Okawaru
Qazlal
Ru
Sif Muna
Trog
Vehumet
Wu Jian
Xom
Yredelemnul
Zin
The Shining One


Innate Abilities, Weirdness & Mutations

You reflexively headbutt those who attack you in melee.
You have a pair of horns on your head.
Your life essence is reduced to manifest your ancestor. (-10% HP)


Message History

The troll claws you!
* * * LOW HITPOINT WARNING * * *
The troll claws you but does no damage.
You hit the troll.
Your weapon exudes an aura of protection.
You headbutt the troll!
The troll is almost dead.
The hound bites the troll.
Nhalahla hits the hound with a +0 dagger of draining.
The troll barely misses you.
You riposte.
You slash the troll!
You kill the troll!
The electric eel shoots out a bolt of lightning at you!
The bolt of electricity hits Nhalahla.
The bolt of electricity hits the hound.
The hound dies!
The bolt of electricity misses you.
Nhalahla points at the electric eel and mumbles some strange words.
The electric eel resists with significant effort.
The electric eel shoots out a bolt of lightning at you!
The bolt of electricity hits Nhalahla.
The bolt of electricity hits you!
You die...

..##)#####.# ...#.##....###
###≈≈≈≈≈... ..............
....≈≈≈≈≈≈..
..........#######.....≈≈≈≈≈..
#####........##... #..≈;≈...
##..###..##.#####..≈≈≈≈≈.
#.####........##.≈..≈≈≈.
#####.###......##.##...≈≈≈≈.
.#...#.##..###..@R??..;≈.≈≈≈.
.......##.## ######..†..≈≈≈≈.
......R#..# ###..≈..≈≈[
.........## .........
.>.....### ......... .......#
#..####.## .#...#.. ...# ...
######.. .### ## #.#.


You could see the friendly Nhalahla the hexer and an electric eel.

Vanquished Creatures
  A troll (D:8)
  Grinder (D:4)
  Sigmund (D:5)
  The ghost of Tinylith the Chiller, an amateur NaIE (D:4)
  A soldier ant (D:8)
  2 water moccasins
  A sky beast (D:5)
  An orc warrior (D:6)
  A phantom (D:5)
  4 ogres
  A wolf (D:8)
  2 centaurs (D:5)
  3 bullfrogs
  A gnoll sergeant (D:7)
  A scorpion (D:7)
  A water moccasin skeleton (D:7)
  A howler monkey (D:7)
  A crimson imp (D:6)
  2 quasits (D:4)
  4 orc priests
  3 hounds
  A jelly (D:7)
  8 orc wizards
  A centaur skeleton (D:4)
  3 worker ants
  A hexer (D:8)
  A worker ant zombie (D:5)
  A howler monkey skeleton (D:4)
  7 gnolls
  8 adders
  A white imp (D:7)
  An ufetubus (D:5)
  An adder skeleton (D:7)
  4 worms
  4 dart slugs
  10 leopard geckos
  29 orcs
  A ball python (D:3)
  13 bats
  4 giant cockroaches
  11 hobgoblins
  6 jackals (D:1)
  9 kobolds
  2 quokkas
  7 frilled lizards
  8 goblins
  3 leopard gecko skeletons
  4 rats
183 creatures vanquished.

Vanquished Creatures (collateral kills)
  An ogre (D:7)
  2 bullfrogs (D:7)
  A hound (D:4)
  A jelly (D:6)
  2 orc wizards
  2 worker ants (D:6)
  An adder (D:6)
  A worm (D:3)
  A leopard gecko (D:5)
  5 orcs
  A bat (D:3)
  A giant cockroach (D:5)
  A frilled lizard (D:3)
20 creatures vanquished.

Vanquished Creatures (others)
  A hound (D:8)
  An ancestor (D:6)
  A hexer (D:7)
  2 quokkas (D:4)
  A frilled lizard (D:4)
6 creatures vanquished.

Grand Total: 209 creatures vanquished

Notes
Turn   | Place    | Note
-------+----------+-------------------------------------------
     0 | D:1      | Eitelfritz the Minotaur Gladiator began the quest for the
                  | Orb.
     0 | D:1      | Reached XP level 1. HP: 18/18 MP: 0/0
   213 | D:1      | Reached XP level 2. HP: 24/25 MP: 1/1
   507 | D:1      | Reached skill level 4 in Long Blades
   629 | D:1      | Reached XP level 3. HP: 25/30 MP: 2/2
   905 | D:1      | Reached skill level 1 in Armour
  1053 | D:2      | Found a faded altar of an unknown god.
  1244 | D:2      | Reached XP level 4. HP: 29/38 MP: 3/3
  1967 | D:3      | Reached skill level 5 in Long Blades
  1972 | D:3      | Reached XP level 5. HP: 33/45 MP: 4/4
  2086 | D:3      | Found a hazy altar of Hepliaklqana.
  2100 | D:3      | Found a shadowy altar of Dithmenos.
  2103 | D:3      | Noticed a shadow
  2110 | D:3      | Became a worshipper of Hepliaklqana the Forgotten
  2197 | D:3      | Found a glowing golden altar of the Shining One.
  2197 | D:3      | Found an ornate altar of the Wu Jian Council.
  2197 | D:3      | Found a glowing silver altar of Zin.
  2198 | D:3      | Found a sacrificial altar of Ru.
  2202 | D:3      | Found a sparkling altar of Nemelex Xobeh.
  2552 | D:3      | Reached XP level 6. HP: 46/46 MP: 5/5
  2655 | D:3      | Reached skill level 6 in Long Blades
  2836 | D:3      | Found a shimmering blue altar of Sif Muna.
  3012 | D:4      | Reached skill level 1 in Stealth
  3068 | D:4      | Reached XP level 7. HP: 53/53 MP: 6/6
  3345 | D:4      | Found a transporter.
  3356 | D:4      | Found a transporter.
  3359 | D:4      | Noticed Tinylith's ghost (amateur NaIE)
  3497 | D:4      | Found a white marble altar of Elyvilon.
  3519 | D:4      | Noticed Grinder
  3529 | D:4      | Killed Grinder
  3530 | D:4      | Reached skill level 5 in Fighting
  3530 | D:4      | Reached skill level 7 in Long Blades
  3530 | D:4      | Reached skill level 5 in Armour
  3761 | D:4      | Reached * piety under Hepliaklqana
  3972 | D:5      | Entered Level 5 of the Dungeon
  4046 | D:5      | Reached skill level 8 in Long Blades
  4046 | D:5      | Reached XP level 8. HP: 48/62 MP: 7/7
  4321 | D:5      | Noticed Sigmund
  4334 | D:5      | Killed Sigmund
  4335 | D:5      | Reached skill level 9 in Long Blades
  5026 | D:4      | Reached skill level 5 in Dodging
  5042 | D:4      | Killed Tinylith's ghost
  5217 | D:6      | Found a staircase to the Ecumenical Temple.
  5262 | D:6      | Found a shimmering altar of Xom.
  5262 | D:6      | Found a burning altar of Makhleb.
  5358 | D:6      | Reached XP level 9. HP: 23/70 MP: 8/8
  5384 | D:6      | Found a glowing drain.
  5393 | Sewer    | Entered a sewer
  5597 | Sewer    | Reached skill level 10 in Long Blades
  6465 | D:7      | Reached ** piety under Hepliaklqana
  6871 | D:7      | Remembered your ancestor Nhalahla as a hexer
  6922 | D:7      | Found a sacrificial altar of Ru.
  7121 | Temple   | Entered the Ecumenical Temple
  7414 | D:8      | Reached skill level 11 in Long Blades
  7612 | D:8      | Noticed a troll
  7636 | D:8      | Killed a troll
  7639 | D:8      | Killed from afar by an electric eel

Illustrated notes

Levels and vault maps discovered:
D:1:      zelgadis_glass_arrival_small, layout_loops_ring,
          wad_floor_pattern_untrapped
D:2:      layout_loops_cross, chequers_ecumenical_altar_twisty,
          minmay_fractal_squares_gapless_5
D:3:      layout_basic, riverfiend_overflow_shadow_ancestor, minitemple,
          minivault_25
D:4:      layout_loops_ring, gammafunk_ghost_stat_death, elyvilon_altar_4,
          uniq_grinder
D:5:      layout_loops_ring, uniq_sigmund
D:6:      layout_loops_cross, grunt_temple_overflow_champion_of_chaos,
          minmay_temple_entry_tees, portal_sewer_entry_d
D:7:      layout_cave_pools, hangedman_ru_absence
D:8:      layout_rooms, kennysheep_mini, erik_lair_island
Temple:   minmay_temple_curvy_loop

Skill      XL: |  1  2  3  4  5  6  7  8  9 |
---------------+----------------------------+-----
Long Blades    | 4 5 6 8 9 11 | 11.3
Armour         | 1 2 3 4 5 6 8 |  8.6
Dodging        | 4 5 |  5.8
Fighting       | 3 4 5 6 7 |  7.7
Stealth        | 1 2 |  2.0
Throwing       | |  2.3

Action                   |  1- 3 |  4- 6 |  7- 9 || total
-------------------------+-------+-------+-------++-------
Melee: Long sword        |    72 |   118 |    98 ||   288
       Headbutt          |     7 |    26 |    63 ||    96
       Falchion          |       |       |   186 ||   186
 Fire: Shortbow          |       |       |     1 ||     1
Throw: Javelin           |       |     1 |     2 ||     3
Invok: Recall Ancestor   |       |     1 |       ||     1
       Ancestor Life: He |       |       |     1 ||     1
  Use: Scroll            |       |    11 |     4 ||    15
       Potion            |       |       |     1 ||     1
Armor: Leather armour    |    21 |    18 |       ||    39
       Scale mail        |       |    36 |   150 ||   186
Dodge: Dodged            |    50 |    92 |   168 ||   310
       Rpst.: Long sword |    12 |    26 |    14 ||    52
       Falchion          |       |       |    36 ||    36
